[ AOE2 MATCH · #475910209 ]
UnrankedSpanish vs Magyars
[ REPLAY ANALYSIS · EXTRACTED FROM THE RECORDED GAME ]
Feudal
—
Castle
—
Imperial
—
| APM avg | 77.3 |
| APM peak | 83 |
| eAPM avg | 14.0 |
| Villagers / military | 8 / 0 |
Focus
⚔️ 0.0% · 🌾 100.0%
Feudal
—
Castle
—
Imperial
—
| APM avg | 52.4 |
| APM peak | 53 |
| eAPM avg | 11.7 |
| Villagers / military | 10 / 0 |
Focus
⚔️ 4.2% · 🌾 95.8%
Feudal
—
Castle
—
Imperial
—
| APM avg | 1.4 |
| APM peak | 3 |
| eAPM avg | 1.4 |
| Villagers / military | 0 / 0 |
Feudal
—
Castle
—
Imperial
—
| APM avg | 33.4 |
| APM peak | 38 |
| eAPM avg | 9.5 |
| Villagers / military | 7 / 0 |
Focus
⚔️ 11.8% · 🌾 88.2%
Feudal
—
Castle
—
Imperial
—
| APM avg | 42.5 |
| APM peak | 71 |
| eAPM avg | 19.4 |
| Villagers / military | 10 / 0 |
Focus
⚔️ 28.6% · 🌾 71.4%
Feudal
—
Castle
—
Imperial
—
| APM avg | 54.2 |
| APM peak | 67 |
| eAPM avg | 9.0 |
| Villagers / military | 7 / 0 |
Focus
⚔️ 0.0% · 🌾 100.0%
Feudal
—
Castle
—
Imperial
—
| APM avg | 42.9 |
| APM peak | 52 |
| eAPM avg | 15.4 |
| Villagers / military | 7 / 0 |
Focus
⚔️ 40.6% · 🌾 59.4%
Feudal
—
Castle
—
Imperial
—
| APM avg | 33.0 |
| APM peak | 56 |
| eAPM avg | 14.0 |
| Villagers / military | 4 / 0 |
Focus
⚔️ 0.0% · 🌾 100.0%
Match map
Initial resources + every placement click. Lines = walls · curves = elevation contours. ◆ gold · ⬟ stone · ● berries · ✦ relic · ◌ wall gap
Your base
Wicho's base
Son GOKU's base
Hand Cannon's base
[Gaucho] Crixsus's base
小白's base
[DH]Misratronic's base
Lord Perez's base
Smoothed initial terrain · ◌ = detected wall gap · hover for details
Inputs per minute
— championqc82 - - Wicho
Build order — championqc82
11 actions detected in the replay
| 0:00 | Create | Villager (Male) |
| 0:01 | Create | Villager (Male) |
| 0:02 | Build | House |
| 0:03 | Build | House |
| 0:06 | Create | Villager (Male) |
| 0:06 | Create | Villager (Male) |
| 1:24 | Create | Villager (Male) |
| 1:24 | Create | Villager (Male) |
| 1:44 | Build | Lumber Camp |
| 1:57 | Create | Villager (Male) |
| 1:57 | Create | Villager (Male) |
Build order — Wicho
13 actions detected in the replay
| 0:02 | Create | Villager (Male) |
| 0:03 | Create | Villager (Male) |
| 0:04 | Build | House |
| 0:05 | Build | House |
| 0:21 | Create | Villager (Male) |
| 0:22 | Create | Villager (Male) |
| 0:22 | Create | Villager (Male) |
| 1:28 | Create | Villager (Male) |
| 1:29 | Create | Villager (Male) |
| 1:47 | Build | Lumber Camp |
| 2:05 | Create | Villager (Male) |
| 2:05 | Create | Villager (Male) |
| 2:05 | Create | Villager (Male) |
Build order — Son GOKU
0 actions detected in the replay
Build order — Hand Cannon
6 actions detected in the replay
| 0:01 | Create | Villager (Male) ×4 |
| 0:03 | Build | House |
| 0:05 | Build | House |
| 1:41 | Create | Villager (Male) |
| 1:41 | Create | Villager (Male) |
| 1:57 | Create | Villager (Male) |
Build order — [Gaucho] Crixsus
12 actions detected in the replay
| 0:01 | Create | Villager (Male) |
| 0:01 | Create | Villager (Male) |
| 0:02 | Create | Villager (Male) |
| 0:03 | Build | House |
| 0:05 | Research | Loom |
| 0:09 | Create | Villager (Male) |
| 0:09 | Create | Villager (Male) |
| 0:10 | Create | Villager (Male) |
| 0:10 | Create | Villager (Male) |
| 1:45 | Create | Villager (Male) |
| 1:45 | Create | Villager (Male) |
| 1:45 | Create | Villager (Male) |
Build order — 小白
10 actions detected in the replay
| 0:01 | Create | Villager (Male) |
| 0:03 | Build | House |
| 0:05 | Build | House |
| 0:08 | Create | Villager (Male) |
| 0:08 | Create | Villager (Male) |
| 0:13 | Create | Villager (Male) |
| 0:13 | Create | Villager (Male) |
| 0:13 | Create | Villager (Male) |
| 1:24 | Create | Villager (Male) |
| 1:47 | Build | Lumber Camp |
Build order — [DH]Misratronic
10 actions detected in the replay
| 0:01 | Create | Villager (Male) |
| 0:01 | Create | Villager (Male) |
| 0:01 | Create | Villager (Male) |
| 0:02 | Create | Villager (Male) |
| 0:04 | Build | House |
| 0:05 | Build | House |
| 1:03 | Research | Loom |
| 1:14 | Create | Villager (Male) |
| 1:59 | Create | Villager (Male) |
| 2:07 | Create | Villager (Male) |
Build order — Lord Perez
6 actions detected in the replay
| 0:08 | Create | Villager (Male) |
| 0:08 | Create | Villager (Male) |
| 0:08 | Create | Villager (Male) |
| 0:09 | Build | House |
| 0:11 | Build | House |
| 0:13 | Create | Villager (Male) |
Match timeline
| 0:06 | Son GOKU · resign |
[ AI ANALYSIS · 1 CREDIT ]
What really happened in this match?
Wolo.gg analyzes every decision: build order, eco, micro, common mistakes by bracket. Personalized analysis on WhatsApp or Discord in 30 seconds.
Civ guide
Spanish
Perfil
Jugador #17166347